 Dungeon Crawl Stone Soup version 0.32-a0-643-ga006e7742e (webtiles) character file.

Game seed: 10800902868320768879

3112 ezpacito the Trooper (level 9, -1/69 HPs)
             Began as a Coglin Chaos Knight on Mar 7, 2024.
             Was a Plaything of Xom.
             Succumbed to a gnoll sergeant's poison
             ... on level 7 of the Dungeon.
             The game lasted 00:08:18 (5921 turns).

ezpacito the Trooper (Coglin Chaos Knight)          Turns: 5921, Time: 00:08:18

Health: -1/69      AC:  8    Str: 16    XL:     9   Next: 91%
Magic:  13/13      EV: 14    Int: 11    God:    Xom [*.....]
Gold:   288        SH:  0    Dex: 15    Spells: 14/14 levels left

rFire   + . .        a - +0 hand axe (chaos) {Manelesi}
rCold   . . .        A - +0 spear (vamp) {Tlaloc}
rNeg    . . .        u - +2 leather armour {rF+}
rPois   .            y - +0 helmet
rElec   .            m - +0 cloak
rCorr   .            (no gloves)
SInv    .            (no boots)
Will    .....        (amulet unavailable)
Stlth   ++           (ring unavailable)
HPRegen 0.31/turn    (ring unavailable)
MPRegen 0.13/turn    (no gizmo)

%: random rage (3%)
@: lethally poisoned (-1 -> -11), about to teleport, revved
A: off-hand wielding, slow wielding, warmup strikes, no jewellery, berserk 1
a: Invent Gizmo, Renounce Religion


You were on level 7 of the Dungeon.
You worshipped Xom.
You were a special plaything of Xom.
You visited 2 branches of the dungeon, and saw 8 of its levels.

You collected 373 gold pieces.
You spent 85 gold pieces at shops.

Inventory:

Hand Weapons
 a - a +0 hand axe of chaos (weapon) {Manelesi}
 A - a +0 vampiric spear (offhand) {Tlaloc}
 B - a +1 spear of freezing
Missiles
 b - a throwing net
 j - 13 poisoned darts (quivered)
 o - 9 javelins
 s - 8 boomerangs
 C - 5 curare-tipped darts
Armour
 e - a +0 chain mail
 m - a +0 cloak (worn)
 u - a +2 leather armour of fire resistance (worn)
 y - a +0 helmet (worn)
Talismans
 c - a maw talisman
Wands
 g - a wand of iceblast (13)
Scrolls
 d - a scroll of enchant weapon {unknown}
 f - a scroll of blinking {unknown}
 h - a scroll of poison {unknown}
 i - a scroll of amnesia {unknown}
 k - 2 scrolls of fog {unknown}
 n - 2 scrolls of immolation
 p - 2 scrolls of brand weapon {unknown}
 r - a scroll of vulnerability {unknown}
 t - 3 scrolls of teleportation
 v - a scroll of fear {unknown}
 w - a scroll of torment {unknown}
 z - a scroll of noise {unknown}
Potions
 x - a potion of magic
 D - a potion of mutation


   Skills:
 * Level 6.3 Fighting
 * Level 6.2(6.7) Axes
 + Level 3.3(5.0) Polearms
 * Level 5.2 Armour
 * Level 5.0 Dodging
 + Level 3.3 Stealth
 + Level 3.0 Spellcasting
 + Level 4.5 Evocations


You had 14 spell levels left.
You didn't know any spells.
Your spell library contained the following spells:

 Spells                   Type           Power      Damage    Failure   Level
 Freeze                   Ice            4%         1d3       30%         1
 Cigotuvi's Dreadful Rot  Necr/Alch/Air  2%         N/A       43%         2
 Frozen Ramparts          Ice            2%         1d1       67%         3
 Hailstorm                Conj/Ice       1%         3d5       67%         3
 Dispel Undead            Necr           1%         3d6       97%         4
 Martyr's Knell           Necr/Summ      1%         N/A       97%         4
 Death Channel            Necr           0%         N/A       100%        6


Dungeon Overview and Level Annotations

Branches:
Dungeon (7/15)             Temple (1/1) D:7

Altars:
Ashenzari
Cheibriados
Dithmenos
Elyvilon
Fedhas
Gozag
Hepliaklqana
Kikubaaqudgha
Nemelex Xobeh
Okawaru
Qazlal
Ru
Sif Muna
Trog
Uskayaw
Vehumet
Wu Jian
Yredelemnul
Zin
The Shining One

Shops:
D:4 *

Annotations:
D:5 2 transporters, gdog's ghost, weakling GnDe


Innate Abilities, Weirdness & Mutations

You can wield a second weapon in your off-hand.
It takes a long time for you to wield or remove held weapons.
Your first few attacks do less damage.
You cannot equip rings or amulets.
You sometimes lose your temper in combat.


Message History

The gnoll sergeant hits you with a +4 spear of venom.
* * * LOW HITPOINT WARNING * * *
You are lethally poisoned!
You take 19 damage, and have 16/69 hp.
MASSIVE DAMAGE!!
You slash the jelly with your +0 hand axe of chaos!
You burn the jelly.
Your graspers burn!
* * * LOW HITPOINT WARNING * * *
The jelly is almost dead.
You hit the gnoll sergeant but do no damage.
The gnoll sergeant suddenly stops moving!
You hit the white imp but do no damage. You hit the jelly but do no damage.
Your graspers burn!
* * * LOW HITPOINT WARNING * * *
x2 You feel very sick.
The jelly misses you. The gnoll hits you but does no damage.
The white imp gestures at you. The puff of frost hits you.
* * * LOW HITPOINT WARNING * * *
You take 11 damage, and have 5/69 hp.
You hit the jelly with your +0 hand axe of chaos.
You kill the jelly!
The jelly disappears in a puff of smoke!
You hit the white imp but do no damage.
The helpless gnoll sergeant fails to defend itself.
You hit the gnoll sergeant but do no damage.
* * * LOW HITPOINT WARNING * * *
You feel very sick.
The gnoll sergeant is no longer paralysed.
The gnoll sergeant barely misses you. The white imp misses you.
The gnoll closely misses you.
You take 4 damage, and have 1/69 hp.
You hit the gnoll but do no damage.
The gnoll seems to speed up.
You hit the gnoll sergeant with your +0 hand axe of chaos.
You burn the gnoll sergeant.
You hit the white imp with your +0 hand axe of chaos.
You kill the white imp!
The white imp disappears in a puff of smoke!
You hit the gnoll with your +0 vampiric spear.
You die...
Xom thinks this is hilarious!

#.........#####.))###..#........
#..<....#.## #..).##.##........
#......##..# ####....##........
#....#..#..## ##...##........
#....#......## ##.............
####.#....♣..# #...#####.....#
#...♣P♣♣..#####g#.# #####.#
#...PP...###g§g##'## #..
####.#......#.g@###...# #..
#.............### #.).########..
#.................#...#.........
#......##...##################..
#########...# #.. #...# #..
#...# #.. ##### ###


You could see a gnoll sergeant (summoned, poisoned) and 3 gnolls.

Vanquished Creatures
  Grinder (D:5)
  A yak (D:5)
  2 orc warriors (D:5)
  2 ice beasts (D:7)
  4 black bears
  A sky beast (D:7)
  2 centaurs
  3 ogres
  A phantom (D:7)
  A bullfrog (D:7)
  A gnoll sergeant (D:7)
  5 scorpions
  A howler monkey (D:5)
  2 bombardier beetles
  An orc priest (D:6)
  9 hounds
  A gnoll bouda (D:7)
  A sleepcap (D:6)
  6 iguanas
  2 orc wizards
  Ijyb (D:4)
  13 gnolls
  7 adders
  3 white imps (D:5)
  2 ufetubi (D:6)
  2 ribbon worms
  6 dart slugs
  9 orcs
  5 ball pythons
  7 bats
  8 endoplasms
  2 giant cockroaches
  5 goblins
  6 hobgoblins
  2 jackals (D:1)
  2 kobolds
  5 quokkas
  4 frilled lizards
  5 rats
141 creatures vanquished.

Vanquished Creatures (collateral kills)
  A howler monkey (D:4)
  2 gnolls (D:4)
  A ball python (D:4)
  A goblin (D:4)
5 creatures vanquished.

Vanquished Creatures (others)
  A cerulean imp (D:5)
  A ribbon worm (D:5)
2 creatures vanquished.

Grand Total: 148 creatures vanquished

Notes
Turn   | Place    | Note
-------+----------+-------------------------------------------
     0 | D:1      | ezpacito the Coglin Chaos Knight began the quest for the
                  | Orb.
     0 | D:1      | Reached XP level 1. HP: 18/18 MP: 1/1
   100 | D:1      | Reached skill level 1 in Dodging
   105 | D:1      | Reached XP level 2. HP: 24/24 MP: 2/2
   295 | D:1      | XOM: silly message
   299 | D:1      | Reached XP level 3. HP: 29/29 MP: 3/3
   354 | D:1      | Found a faded altar of an unknown god.
   597 | D:1      | XOM: silly message
   654 | D:2      | XOM: silly message
   654 | D:2      | XOM: butterfly on damage
  1240 | D:2      | Reached XP level 4. HP: 35/35 MP: 4/4
  1511 | D:3      | XOM: silly message
  1665 | D:3      | Reached skill level 1 in Polearms
  1922 | D:4      | Noticed a centaur
  1924 | D:4      | XOM: summons friendly quasit
  1925 | D:4      | XOM: butterfly on damage
  2040 | D:4      | Reached XP level 5. HP: 41/41 MP: 6/6
  2083 | D:4      | XOM: divination: magic mapping
  2089 | D:4      | Killed a centaur
  2090 | D:4      | Reached skill level 1 in Stealth
  2090 | D:4      | Reached skill level 1 in Spellcasting
  2223 | D:4      | Noticed Ijyb
  2228 | D:4      | Killed Ijyb
  2229 | D:4      | Reached XP level 6. HP: 48/48 MP: 7/7
  2293 | D:4      | XOM: summons friendly white imp
  2338 | D:4      | Found an ornate altar of the Wu Jian Council.
  2340 | D:4      | Found an opulent altar of Gozag.
  2455 | D:4      | XOM: silly message
  2528 | D:4      | Found Ugoerph's Assorted Antiques.
  2533 | D:4      | Bought a yellow potion for 19 gold pieces
  2533 | D:4      | Bought a scroll labelled ZAMETUVEMA for 22 gold pieces
  2533 | D:4      | Bought a scroll labelled VUERAIL ERPHA for 22 gold pieces
  2533 | D:4      | Bought a scroll labelled RUT QIFOHAALI for 22 gold pieces
  2593 | D:4      | Found a glowing golden altar of the Shining One.
  2737 | D:5      | XOM: noise
  2737 | D:5      | Entered Level 5 of the Dungeon
  2737 | D:5      | Noticed Grinder
  2769 | D:5      | XOM: summons 2 friendly demons
  2777 | D:5      | XOM: enchant monster (good)
  2789 | D:5      | Killed Grinder
  2790 | D:5      | Reached skill level 1 in Evocations
  2790 | D:5      | Reached XP level 7. HP: 9/54 MP: 7/9
  3220 | D:5      | XOM: 1-stop teleportation journey
  3417 | D:5      | Found a transporter.
  3419 | D:5      | Found a transporter.
  3420 | D:5      | Noticed gdog's ghost (weakling GnDe)
  3455 | D:5      | XOM: noise
  3478 | D:5      | XOM: 1-stop teleportation journey
  3493 | D:5      | Reached XP level 8. HP: 48/61 MP: 10/10
  3719 | D:5      | XOM: 1-stop teleportation journey
  3974 | D:5      | Noticed a yak
  3979 | D:5      | Gained mutation: You sometimes lose your temper in combat.
                  | [potion of mutation]
  3979 | D:5      | XOM: potion effect (heal wounds)
  3990 | D:5      | Reached skill level 5 in Fighting
  3990 | D:5      | Reached skill level 5 in Axes
  3990 | D:5      | Killed a yak
  4228 | D:5      | Reached XP level 9. HP: 68/68 MP: 12/12
  4272 | D:5      | XOM: potion effect (haste)
  4532 | D:5      | XOM: god gift: 43 gold pieces
  4587 | D:6      | Found a shimmering blue altar of Sif Muna.
  4667 | D:6      | XOM: silly message
  4697 | D:6      | XOM: 3-stop teleportation journey
  4744 | D:6      | Found a basalt altar of Yredelemnul.
  4881 | D:6      | XOM: 1-stop teleportation journey
  5295 | D:7      | Reached skill level 5 in Armour
  5476 | D:7      | Found the +4 consecrated labrys {holy, Valiant ^Fragile Fly
                  | SInv}
  5549 | D:7      | XOM: 10-stop teleportation journey
  5554 | D:7      | XOM: potion effect (haste)
  5563 | D:7      | XOM: smoke on damage
  5721 | D:7      | Found a staircase to the Ecumenical Temple.
  5732 | D:7      | XOM: confuse monster(s)
  5739 | Temple   | Entered the Ecumenical Temple
  5778 | D:7      | Reached skill level 5 in Dodging
  5909 | D:7      | XOM: summons 4 hostile shadow creatures
  5920 | D:7      | HP: 1/69 [poisoned by a gnoll sergeant]
  5921 | D:7      | Succumbed to a gnoll sergeant's poison

Illustrated notes

Levels and vault maps discovered:
D:1:      co_arrival_random_square_maze, layout_rooms,
          chequers_ecumenical_altar_simple, serial_bayou_lagoon_a
D:2:      layout_basic, kennysheep_generic_room_7
D:3:      layout_rooms, kennysheep_generic_room_12
D:4:      layout_gridville, kennysheep_mini,
          chequers_temple_overflow_statue_of_worship, serial_shops,
          nicolae_shop_rolling_square, uniq_ijyb
D:5:      cheibrodos_barr_body, layout_basic, gammafunk_ghost_hive,
          nicolae_concentric_dashed_squares_mild, grunt_ministairs_13,
          uniq_grinder
D:6:      layout_cave_pools, mainiacjoe_overflow_catwalk, lemuel_tele_altar,
          minmay_crystal_room, serial_bayou_pond_a, kennysheep_nondescript,
          minivault_23, minmay_misc_feat_doors
D:7:      layout_rooms, temple_green, hangedman_abyss_or_decor_stagger,
          serial_park_tiny_2, eino_tiny_chamber
Temple:   nicolae_temple_bog_church

Skill      XL: |  1  2  3  4  5  6  7  8  9 |
---------------+----------------------------+-----
Dodging        | 1 2 3 4 5 |  5.0
Armour         | 2 3 4 5 |  5.2
Polearms       | 1 2 3 |  3.3
Stealth        | 1 2 3 |  3.3
Spellcasting   | 1 2 3 |  3.0
Fighting       | 4 5 6 |  6.3
Axes           | 4 5 6 |  6.2
Evocations     | 1 2 3 4 |  4.5

Action                     |  1- 3 |  4- 6 |  7- 9 || total
---------------------------+-------+-------+-------++-------
  Melee: Hand axe          |    76 |    93 |   234 ||   403
         Dagger            |    66 |    89 |    43 ||   198
         Long sword        |       |       |    45 ||    45
         Spear             |       |       |   179 ||   179
  Evoke: Wand              |       |       |     1 ||     1
    Use: Scroll            |       |     6 |     2 ||     8
         Potion            |       |     1 |    12 ||    13
   Stab: Sleeping          |     3 |     1 |     3 ||     7
         Petrifying        |     1 |       |     1 ||     2
         Petrified         |       |     2 |       ||     2
         Invisible         |       |       |     4 ||     4
         Paralysed         |       |       |     4 ||     4
         Distracted        |       |       |     1 ||     1
         Confused          |       |       |     1 ||     1
 Armour: Leather armour    |    60 |    68 |   220 ||   348
         Skin              |       |       |    23 ||    23
  Dodge: Dodged            |    64 |    54 |   204 ||   322

Table legend: (Time is in decaauts)
 A = Elapsed time spent in this place.
 B = Non-inter-level travel time spent in this place.
 C = Inter-level travel time spent in this place.
 D = Time resting spent in this place.
 E = Time spent auto-exploring this place.
 F = Levels seen in this place.
 G = Mean time per level.
                   A        B        C        D        E       F      G
               +--------+--------+--------+--------+--------+-----+--------+
         Total |   5999 |   5665 |    334 |    563 |   3964 |   8 |  749.9 |
       Dungeon |   5968 |   5634 |    334 |    563 |   3935 |   7 |  852.6 |
        Temple |     30 |     30 |      0 |      0 |     29 |   1 |   30.0 |
               +--------+--------+--------+--------+--------+-----+--------+

Top non-repeatable levels by time:
     D:5: 1542 daAuts
     D:4: 1021 daAuts
     D:2: 776 daAuts
     D:6: 723 daAuts
     D:7: 679 daAuts
     D:1: 663 daAuts
     D:3: 561 daAuts
  Temple: 30 daAuts
